PAA
CASPER GHOSTS @ MERCER ISLAND SCREAMING EAGLES
07/16/2034
 
TOP OF THE 1ST
Casper Ghosts batting - Pitching for Mercer Island Screaming Eagles : RHP Firpo Marberry
Pitching: RHP Firpo Marberry
Batting: LHB Ronald Anderson 0-0: Foul Ball, location: 2F
0-1: Swinging Strike
0-2: Strikes out swinging
Batting: RHB Adrijan Markovski 0-0: Ball
1-0: Ball
2-0: SINGLE (Groundball, 4MD)
Batting: LHB Marcus Shill 0-0: Called Strike
0-1: Ball
1-1: Ball
2-1: Ball
3-1: Base on Balls
Adrijan Markovski to second
Batting: LHB Badry Maksimenov 0-0: Called Strike
0-1: Swinging Strike
0-2: Fielders Choice at 2nd, 1-6 (Groundball, P)
Adrijan Markovski to third
Batting: RHB Jeff Mouton 0-0: Ball
1-0: Ball
2-0: Called Strike
2-1: Ball
3-1: Base on Balls
Badry Maksimenov to second
Batting: RHB Jur Prokop 0-0: Called Strike
0-1: Ball
1-1: Foul Ball, location: 2F
1-2: SINGLE (Groundball, 4D)
Adrijan Markovski scores
Badry Maksimenov to third
Jeff Mouton to second
Runner from 3rd tries for Home, SAFE, no throw
Batting: RHB Steve Weber 0-0: Called Strike
0-1: Ground out U3 (Groundball, 34S)
Top of the 1st over - 2 runs, 2 hits, 0 errors, 2 left on base; Casper 2 - Mercer Island 0
BOTTOM OF THE 1ST
Mercer Island Screaming Eagles batting - Pitching for Casper Ghosts : RHP Rhys Maskell
Pitching: RHP Rhys Maskell
Batting: SHB Serious Lee 0-0: Fly out, F9 (Flyball, 9)
Batting: RHB Ed Bowers 0-0: Ball
1-0: Foul Ball, location: 2F
1-1: Fly out, F8 (Flyball, 8RD)
Batting: SHB Jeffery Simpson 0-0: Ball
1-0: Ground out 1-3 (Groundball, P)
Bottom of the 1st over - 0 runs, 0 hits, 0 errors, 0 left on base; Casper 2 - Mercer Island 0
TOP OF THE 2ND
Casper Ghosts batting - Pitching for Mercer Island Screaming Eagles : RHP Firpo Marberry
Batting: RHB José Reyes 0-0: Ball
1-0: Ball
2-0: Called Strike
2-1: Foul Ball, location: 2F
2-2: Foul Ball, location: 2F
2-2: Ball
3-2: Strikes out swinging
Batting: RHB Tatsui Kiyomizu 0-0: Ground out 3-1 (Groundball, 34S)
Batting: LHB Ronald Anderson 0-0: Ball
1-0: Called Strike
1-1: Swinging Strike
1-2: Strikes out swinging
Top of the 2nd over - 0 runs, 0 hits, 0 errors, 0 left on base; Casper 2 - Mercer Island 0
BOTTOM OF THE 2ND
Mercer Island Screaming Eagles batting - Pitching for Casper Ghosts : RHP Rhys Maskell
Batting: RHB Oliver Burrell 0-0: Called Strike
0-1: Ball
1-1: Ball
2-1: Fly out, F9 (Flyball, 89M)
Batting: RHB Juan Reyes 0-0: Ball
1-0: Foul Ball, location: 2F
1-1: Ball
2-1: Swinging Strike
2-2: Strikes out swinging
Batting: SHB Jason Graham 0-0: Called Strike
0-1: Ball
1-1: Foul Ball, location: 2F
1-2: Ball
2-2: Foul Ball, location: 2F
2-2: SINGLE (Groundball, 34S) (infield hit)
Batting: RHB Alfredo García 0-0: Fly out, F9 (Flyball, 9D)
Bottom of the 2nd over - 0 runs, 1 hit, 0 errors, 1 left on base; Casper 2 - Mercer Island 0
TOP OF THE 3RD
Casper Ghosts batting - Pitching for Mercer Island Screaming Eagles : RHP Firpo Marberry
Batting: RHB Adrijan Markovski 0-0: SINGLE (Line Drive, 8LS)
Batting: LHB Marcus Shill 0-0: Ball
1-0: Foul Ball, location: 2F
1-1: Ball
2-1: Ball
3-1: Foul Ball, location: 2F
3-2: Foul Ball, location: 2F
3-2: Strikes out swinging
Batting: LHB Badry Maksimenov 0-0: Ball
1-0: Foul Ball, location: 2F
1-1: Called Strike
1-2: Ball
2-2: SINGLE (Flyball, 9LS)
Adrijan Markovski to second
Batting: RHB Jeff Mouton 0-0: Called Strike
0-1: Ball
1-1: Ball
2-1: Fly out, F6 (Line Drive, 6)
Batting: RHB Jur Prokop 0-0: Called Strike
0-1: Foul Ball, location: 2F
0-2: Strikes out swinging
Top of the 3rd over - 0 runs, 2 hits, 0 errors, 2 left on base; Casper 2 - Mercer Island 0
BOTTOM OF THE 3RD
Mercer Island Screaming Eagles batting - Pitching for Casper Ghosts : RHP Rhys Maskell
Batting: RHB Bart Goodine 0-0: Called Strike
0-1: Fly out, F9 (Line Drive, 89M)
Batting: RHB Rubén Vásquez 0-0: Called Strike
0-1: Foul Ball, location: 2F
0-2: Ball
1-2: Strikes out looking
Batting: SHB Serious Lee 0-0: Called Strike
0-1: Foul Ball, location: 2F
0-2: SINGLE (Flyball, 78S)
Batting: RHB Ed Bowers 0-0: Ball
1-0: Ball
2-0: Ball
3-0: Called Strike
3-1: Foul Ball, location: 2F
3-2: Ground out 5-3 (Groundball, 56S)
Bottom of the 3rd over - 0 runs, 1 hit, 0 errors, 1 left on base; Casper 2 - Mercer Island 0
TOP OF THE 4TH
Casper Ghosts batting - Pitching for Mercer Island Screaming Eagles : RHP Firpo Marberry
Batting: RHB Steve Weber 0-0: Foul Ball, location: 2F
0-1: Ball
1-1: Ball
2-1: Called Strike
2-2: Ball
3-2: Ground out 5-3 (Groundball, 56)
Batting: RHB José Reyes 0-0: Ball
1-0: Foul Ball, location: 2F
1-1: Foul Ball, location: 2F
1-2: Ground out 3-1 (Groundball, 34)
Batting: RHB Tatsui Kiyomizu 0-0: Swinging Strike
0-1: Swinging Strike
0-2: Ball
1-2: Foul Ball, location: 2F
1-2: Strikes out swinging
Top of the 4th over - 0 runs, 0 hits, 0 errors, 0 left on base; Casper 2 - Mercer Island 0
BOTTOM OF THE 4TH
Mercer Island Screaming Eagles batting - Pitching for Casper Ghosts : RHP Rhys Maskell
Batting: SHB Jeffery Simpson 0-0: Ball
1-0: Ball
2-0: SINGLE (Line Drive, 89M)
Batting: RHB Oliver Burrell 0-0: Ball
1-0: Called Strike
1-1: Foul Ball, location: 2F
1-2: Ball
2-2: Ball
3-2: DOUBLE (Line Drive, 7LM)
Jeffery Simpson to third
Batting: RHB Juan Reyes 0-0: Called Strike
0-1: Called Strike
0-2: Ball
1-2: Ball
2-2: Ball
3-2: Foul Ball, location: 2F
3-2: Strikes out looking
Batting: SHB Jason Graham 0-0: Ball
1-0: Called Strike
1-1: Ball
2-1: SINGLE (Line Drive, 4M)
Jeffery Simpson scores
Oliver Burrell to third
Batting: RHB Alfredo García 0-0: SINGLE (Groundball, 56D)
Oliver Burrell scores
Jason Graham to second
Batting: RHB Bart Goodine 0-0: Swinging Strike
0-1: DOUBLE (Line Drive, 78XD)
Jason Graham scores
Alfredo García to third
Batting: RHB Rubén Vásquez 0-0: Called Strike
0-1: Ball
1-1: SINGLE (Groundball, 56D)
Alfredo García scores
Bart Goodine to third
Batting: SHB Serious Lee 0-0: SINGLE (Line Drive, 3D)
Bart Goodine scores
Rubén Vásquez to second
Batting: RHB Ed Bowers 0-0: Called Strike
0-1: Swinging Strike
0-2: Foul Ball, location: 2F
0-2: Ball
1-2: Grounds into double play, 4-6-3 (Groundball, 34)
Bottom of the 4th over - 5 runs, 7 hits, 0 errors, 1 left on base; Casper 2 - Mercer Island 5
TOP OF THE 5TH
Casper Ghosts batting - Pitching for Mercer Island Screaming Eagles : RHP Firpo Marberry
Batting: LHB Ronald Anderson 0-0: Called Strike
0-1: DOUBLE (Line Drive, 9LM)
Batting: RHB Adrijan Markovski 0-0: Ball
1-0: SINGLE (Groundball, 34D)
Ronald Anderson to third
Runner from 3rd tries for Home, SAFE, no throw
Batting: LHB Marcus Shill 0-0: Fly out, F9 (Flyball, 9LDF)
Batting: LHB Badry Maksimenov 0-0: Called Strike
0-1: Ball
1-1: Ball
2-1: Ball
3-1: Foul Ball, location: 2F
3-2: Base on Balls
Adrijan Markovski to second
Batting: RHB Jeff Mouton 0-0: Called Strike
0-1: Ball
1-1: DOUBLE (Flyball, 8RXD)
Adrijan Markovski scores
Badry Maksimenov to third
Batting: RHB Jur Prokop 0-0: Ground out 5-3 (Groundball, 5L)
Batting: RHB Steve Weber 0-0: Ball
1-0: SINGLE (Groundball, 3S) (infield hit)
Badry Maksimenov scores
Jeff Mouton to third
Batting: RHB José Reyes 0-0: Called Strike
0-1: Ball
1-1: Ball
2-1: Ground out U3 (Groundball, 3)
Top of the 5th over - 3 runs, 4 hits, 0 errors, 2 left on base; Casper 5 - Mercer Island 5
BOTTOM OF THE 5TH
Mercer Island Screaming Eagles batting - Pitching for Casper Ghosts : RHP Rhys Maskell
Batting: SHB Jeffery Simpson 0-0: Ball
1-0: Ball
2-0: Called Strike
2-1: Ball
3-1: Fly out, F7 (Flyball, 78D)
Batting: RHB Oliver Burrell 0-0: Ball
1-0: Ball
2-0: Ball
3-0: Called Strike
3-1: Called Strike
3-2: Foul Ball, location: 2F
3-2: SOLO HOME RUN (Flyball, 78XD), Distance : 417 ft
Batting: RHB Juan Reyes 0-0: Fly out, F3 (Popup, 3F)
Batting: SHB Jason Graham 0-0: Foul Ball, location: 2F
0-1: SINGLE (Groundball, 4MD)
Pitching: RHP John Castle
Batting: RHB Alfredo García 0-0: Ball
1-0: Ball
2-0: Called Strike
2-1: Swinging Strike
Pickoff Throw by Catcher to First - Error! E2
Jason Graham to second
2-2: Strikes out swinging
Bottom of the 5th over - 1 run, 2 hits, 1 error, 1 left on base; Casper 5 - Mercer Island 6
TOP OF THE 6TH
Casper Ghosts batting - Pitching for Mercer Island Screaming Eagles : RHP Firpo Marberry
Pitching: RHP Mark Robinson
Batting: RHB Tatsui Kiyomizu 0-0: SINGLE (Line Drive, 8LS)
Batting: LHB Ronald Anderson 0-0: Bunt missed!
0-1: Sac Bunt - play at second, runner OUT! 5-6
Batting: RHB Adrijan Markovski 0-0: Ball
1-0: Called Strike
1-1: Ball
2-1: Ball
Ronald Anderson steals 2nd base
3-1: Ground out 4-3 (Groundball, 4)
Ronald Anderson to third
Batting: LHB Marcus Shill 0-0: Ground out 1-3 (Groundball, P)
Top of the 6th over - 0 runs, 1 hit, 0 errors, 1 left on base; Casper 5 - Mercer Island 6
BOTTOM OF THE 6TH
Mercer Island Screaming Eagles batting - Pitching for Casper Ghosts : RHP John Castle
Batting: RHB Bart Goodine 0-0: Called Strike
0-1: Foul Ball, location: 2F
0-2: Ball
1-2: Ball
2-2: Ball
3-2: Base on Balls
Batting: RHB Rubén Vásquez 0-0: Fly out, F6 (Line Drive, 6)
Batting: SHB Serious Lee 0-0: Swinging Strike
0-1: SINGLE (Line Drive, 9LS)
Bart Goodine to second
Runner from 2nd tries for 3rd, SAFE, no throw
Batting: RHB Ed Bowers 0-0: Ball
1-0: Ball
Wild Pitch!
Bart Goodine scores
Serious Lee to second
2-0: Called Strike
2-1: Ball
3-1: Base on Balls
Batting: SHB Jeffery Simpson 0-0: Foul Ball, location: 2F
0-1: Swinging Strike
0-2: Hit by Pitch
Serious Lee to third
Ed Bowers to second
Batting: RHB Oliver Burrell 0-0: Called Strike
0-1: Ball
1-1: Foul Ball, location: 2F
1-2: Foul Ball, location: 2F
1-2: Ball
Wild Pitch!
Serious Lee scores
Ed Bowers to third
Jeffery Simpson to second
2-2: Ball
3-2: Foul Ball, location: 2F
3-2: Foul Ball, location: 2F
3-2: Ground out 6-3 (Groundball, 6)
Batting: RHB Juan Reyes 0-0: Called Strike
0-1: Foul Ball, location: 2F
0-2: Strikes out looking
Bottom of the 6th over - 2 runs, 1 hit, 0 errors, 2 left on base; Casper 5 - Mercer Island 8
TOP OF THE 7TH
Casper Ghosts batting - Pitching for Mercer Island Screaming Eagles : RHP Mark Robinson
Batting: LHB Badry Maksimenov 0-0: Fly out, F3 (Popup, 3SF)
Batting: RHB Jeff Mouton 0-0: Ball
1-0: Called Strike
1-1: Foul Ball, location: 2F
1-2: Ball
2-2: Ground out 4-3 (Groundball, 4S)
Batting: RHB Jur Prokop 0-0: Ball
1-0: Called Strike
1-1: Ball
2-1: Foul Ball, location: 2F
2-2: Strikes out swinging
Top of the 7th over - 0 runs, 0 hits, 0 errors, 0 left on base; Casper 5 - Mercer Island 8
BOTTOM OF THE 7TH
Mercer Island Screaming Eagles batting - Pitching for Casper Ghosts : RHP John Castle
Pitching: LHP Geoffroy Cadaloba
Batting: SHB Jason Graham 0-0: Ball
1-0: SINGLE (Groundball, 6S) (infield hit)
Batting: RHB Alfredo García 0-0: Bunted foul
0-1: Bunted foul
0-2: Foul Ball, location: 2F
0-2: Ball
1-2: Ball
2-2: Ball
3-2: Ground out 5-3 (Groundball, 56S)
Jason Graham to second
Batting: RHB Bart Goodine 0-0: Intentional Walk
Batting: RHB Rubén Vásquez 0-0: Foul Ball, location: 2F
0-1: Called Strike
0-2: Foul Ball, location: 2F
0-2: SINGLE (Flyball, 78S)
Jason Graham to third
Bart Goodine to second
Runner from 3rd tries for Home, SAFE, no throw
Batting: SHB Serious Lee 0-0: Ball
1-0: SINGLE (Flyball, 89M)
Bart Goodine to third
Rubén Vásquez to second
Runner from 3rd tries for Home, SAFE, no throw
Batting: RHB Ed Bowers 0-0: Called Strike
0-1: Ball
1-1: Foul Ball, location: 2F
1-2: Strikes out swinging
Batting: SHB Jeffery Simpson 0-0: Called Strike
0-1: Ball
1-1: Reached via error on a dropped throw, E3
Rubén Vásquez to third
Serious Lee to second
Batting: RHB Oliver Burrell 0-0: Called Strike
0-1: Called Strike
0-2: Fly out, F5 (Popup, 5SF)
Bottom of the 7th over - 2 runs, 3 hits, 1 error, 3 left on base; Casper 5 - Mercer Island 10
TOP OF THE 8TH
Casper Ghosts batting - Pitching for Mercer Island Screaming Eagles : RHP Mark Robinson
Batting: RHB Steve Weber 0-0: Ball
1-0: Foul Ball, location: 2F
1-1: Fly out, F8 (Flyball, 8RS)
Batting: RHB José Reyes 0-0: Ball
1-0: Ball
2-0: Ball
3-0: Base on Balls
Batting: RHB Tatsui Kiyomizu 0-0: Grounds into double play, 4-6-3 (Groundball, 4)
Top of the 8th over - 0 runs, 0 hits, 0 errors, 0 left on base; Casper 5 - Mercer Island 10
BOTTOM OF THE 8TH
Mercer Island Screaming Eagles batting - Pitching for Casper Ghosts : LHP Geoffroy Cadaloba
Batting: RHB Juan Reyes 0-0: Swinging Strike
0-1: Foul Ball, location: 2F
0-2: Ball
1-2: Ball
2-2: Ground out 6-3 (Groundball, 6)
Batting: SHB Jason Graham 0-0: SINGLE (Line Drive, 7S)
Batting: RHB Alfredo García 0-0: Foul Ball, location: 2F
0-1: Ball
1-1: Ball
2-1: Foul Ball, location: 2F
2-2: Foul Ball, location: 2F
2-2: Ball
3-2: Grounds into double play, 5-4-3 (Groundball, 5)
Bottom of the 8th over - 0 runs, 1 hit, 0 errors, 0 left on base; Casper 5 - Mercer Island 10
TOP OF THE 9TH
Casper Ghosts batting - Pitching for Mercer Island Screaming Eagles : RHP Mark Robinson
Batting: LHB Ronald Anderson 0-0: Swinging Strike
0-1: Fly out, F8 (Flyball, 78D)
Batting: RHB Adrijan Markovski 0-0: Ball
1-0: Called Strike
1-1: Ball
2-1: Ground out 6-3 (Groundball, 6)
Batting: LHB Marcus Shill 0-0: Ball
1-0: Called Strike
1-1: Called Strike
1-2: Ball
2-2: Ball
3-2: Ground out 6-3 (Groundball, 6)
Top of the 9th over - 0 runs, 0 hits, 0 errors, 0 left on base; Casper 5 - Mercer Island 10
Friday, March 29th, 2019 - OOTP Baseball 18.8 Build 76